 Dungeon Crawl Stone Soup version 0.32-a0-900-g30fb1b0edc (webtiles) character file.

Game seed: 17144110287499488001

17 BubbleThief the Apothecary (level 2, -5/22 HPs)
             Began as a Naga Alchemist on Apr 5, 2024.
             Slain by Sigmund
             ... wielding a +5 scythe of protection
              (13 damage)
             ... on level 2 of the Dungeon.
             The game lasted 00:02:30 (1143 turns).

BubbleThief the Apothecary (Naga Alchemist)         Turns: 1143, Time: 00:02:30

Health: -5/22      AC:  1    Str: 10    XL:     2   Next: 62%
Magic:  0/5        EV:  8    Int: 15    God:
Gold:   89         SH:  0    Dex: 11    Spells: 4/5 levels left

rFire   . . .        d - +0 short sword
rCold   . . .        (no shield)
rNeg    . . .        a - +0 robe
rPois   +            (no helmet)
rElec   .            (no cloak)
rCorr   .            (no gloves)
SInv    +            (no barding)
Will    .....        (no amulet)
Stlth   ++           f - ring of wizardry
HPRegen 0.23/turn    (no ring)
MPRegen 0.09/turn

%: wizardry (x1)
@: short of breath, very slow
A: AC +0, large, see invisible, deformed body, poison resistance, slowness 2,
spit poison 1, naga tail 1
a: Spit Poison


You were on level 2 of the Dungeon.
You visited 1 branch of the dungeon, and saw 2 of its levels.

You collected 89 gold pieces.

Inventory:

Hand Weapons
 d - a +0 short sword (weapon)
Armour
 a - a +0 robe (worn)
Jewellery
 f - a ring of wizardry (left hand)
Scrolls
 c - a scroll of revelation {unknown}
 e - 3 scrolls of identify {unknown}
 g - 2 scrolls of teleportation {unknown}
 k - a scroll of noise {unknown}
Potions
 b - a potion of magic
 h - a potion of cancellation {unknown}
 i - a potion of invisibility {unknown}
 j - a potion of lignification {unknown}


   Skills:
 - Level 1.5 Dodging
 - Level 3.0 Stealth
 + Level 2.3 Spellcasting
 - Level 1.0 Conjurations
 * Level 4.4 Alchemy


You had 4 spell levels left.
You knew the following spells:

 Your Spells              Type           Power      Damage    Failure   Level
a - Sting                 Conj/Alch      36%        1d5       2%          1

Your spell library contained the following spells:

 Spells                   Type           Power      Damage    Failure   Level
 Mercury Vapours          Alch/Air       16%        N/A       5%          2
 Mephitic Cloud           Conj/Alch/Air  7%         N/A       12%         3
 Olgreb's Toxic Radiance  Alch           14%        N/A       14%         4
 Sticky Flame             Fire/Alch      8%         2d4       32%         4


Dungeon Overview and Level Annotations

Branches:
Dungeon (2/15)

Altars:

Shops:
D:1 (

Annotations:
D:2 Sigmund


Innate Abilities, Weirdness & Mutations

Your serpentine skin is tough. (AC +0)
You have supernaturally acute eyesight. (SInv)
Armour fits poorly on your strangely shaped body.
Your system is resistant to poisons. (rPois)
You cover ground very slowly.
You can spit poison.
You have a snake-like lower body.


Message History

Aim: Sigmund, wielding a +5 scythe of protection and wearing a +2 robe of willpower (64% to hit)
The sting hits Sigmund but does no damage.
Sigmund is poisoned.
Sigmund barely misses you.
Aiming: Sting (safe; 2% risk of failure)
Press: ? - help, Q - select action, (/) - cycle Shift-Dir - straight line, f/p - Sigmund
Aim: Sigmund, wielding a +5 scythe of protection and wearing a +2 robe of willpower (poisoned, 64% to hit)
The sting hits Sigmund but does no damage.
Sigmund looks even sicker.
Sigmund points at you and mumbles some strange words.
You resist with significant effort.
Aiming: Sting (safe; 2% risk of failure)
Press: ? - help, Q - select action, (/) - cycle Shift-Dir - straight line, f/p - Sigmund
Aim: Sigmund, wielding a +5 scythe of protection and wearing a +2 robe of willpower (very poisoned, 64% to hit)
The sting hits Sigmund.
Sigmund looks even sicker.
Sigmund is lightly wounded.
Sigmund hits you from afar with a +5 scythe of protection!
Aiming: Sting (safe; 2% risk of failure)
Press: ? - help, Q - select action, (/) - cycle Shift-Dir - straight line, f/p - Sigmund
Aim: Sigmund, wielding a +5 scythe of protection and wearing a +2 robe of willpower (moderately wounded, very poisoned, 64% to hit)
The sting hits Sigmund but does no damage.
Sigmund looks as sick as possible!
Sigmund is moderately wounded.
Aiming: Sting (safe; 2% risk of failure)
Press: ? - help, Q - select action, (/) - cycle Shift-Dir - straight line, f/p - Sigmund
Aim: Sigmund, wielding a +5 scythe of protection and wearing a +2 robe of willpower (moderately wounded, extremely poisoned, 64% to hit)
The sting hits Sigmund but does no damage.
Sigmund looks as sick as possible!
Sigmund is moderately wounded.
You have got your breath back.
Sigmund hits you from afar with a +5 scythe of protection.
Aiming: Spit Poison (2% risk of failure)
Press: ? - help, Shift-Dir - straight line, f/p - Sigmund
Aim: Sigmund, wielding a +5 scythe of protection and wearing a +2 robe of willpower (heavily wounded, extremely poisoned, 54% to hit)
The splash of poison hits Sigmund.
Sigmund looks as sick as possible!
Sigmund is severely wounded.
Sigmund hits you from afar with a +5 scythe of protection!
Ouch! That really hurt!
You die...
Sigmund begins carving another notch in his scythe.

#.#.## #.# ##+##
#..# #....# #.#
.# ##.# # #..#
#.### .# .#
#.##.#..###.#....
#...........#.#.
#######.#####..
#.# @# #
#.#####.##...#
#.....@.......
#######[###..#
... ..... ######


You could see Sigmund (extremely poisoned).

Vanquished Creatures
  2 endoplasms (D:1)
  A giant cockroach (D:1)
  2 goblins (D:1)
  3 kobolds
  2 quokkas
  A ball python (D:1)
  A ball python zombie (D:2)
  3 frilled lizards (D:1)
  A rat (D:1)
16 creatures vanquished.

Notes
Turn   | Place    | Note
-------+----------+-------------------------------------------
     0 | D:1      | BubbleThief the Naga Alchemist began the quest for the Orb.
     0 | D:1      | Reached XP level 1. HP: 15/15 MP: 3/3
    96 | D:1      | Found Cegg's Antique Weapon Shop.
   115 | D:1      | Reached skill level 4 in Alchemy
   154 | D:1      | Reached XP level 2. HP: 22/22 MP: 5/5
   193 | D:1      | Found a faded altar of an unknown god.
  1136 | D:2      | Noticed Sigmund
  1143 | D:2      | Slain by Sigmund

Illustrated notes

Levels and vault maps discovered:
D:1:      minmay_arrival_doors, layout_basic,
          hellmonk_ecumenical_altar_heavens_door, serial_shops, shop_fountains
D:2:      layout_loops_corners, serial_undead, serial_undead_b, serial_undead_e,
          serial_undead_d, serial_undead_f, serial_undead_f, serial_undead_c,
          serial_bayou_pond_e, uniq_sigmund

Skill      XL: |  1 |
---------------+----+-----
Alchemy        | 4 |  4.4
Dodging        | |  1.5
Stealth        | |  3.0
Spellcasting   | |  2.3
Conjurations   | |  1.0

Action                     || total
---------------------------++-------
  Melee: Short sword       ||     5
   Cast: Sting             ||    20
Ability: Spit Poison       ||    18
   Stab: Sleeping          ||     1
 Armour: Robe              ||    21
  Dodge: Dodged            ||     7

Table legend: (Time is in decaauts)
 A = Elapsed time spent in this place.
 B = Non-inter-level travel time spent in this place.
 C = Inter-level travel time spent in this place.
 D = Time resting spent in this place.
 E = Time spent auto-exploring this place.
 F = Levels seen in this place.
 G = Mean time per level.
                   A        B        C        D        E       F      G
               +--------+--------+--------+--------+--------+-----+--------+
         Total |   1512 |   1461 |     51 |      0 |   1307 |   2 |  756.0 |
       Dungeon |   1512 |   1461 |     51 |      0 |   1307 |   2 |  756.0 |
               +--------+--------+--------+--------+--------+-----+--------+

Top non-repeatable levels by time:
     D:1: 1061 daAuts
     D:2: 450 daAuts
